 Dungeon Crawl Stone Soup version 0.25-a0-1114-g48d22fd (webtiles) character file.

Game seed: 7306146955355095392, levelgen mode: deterministic

15 vertexvortex the Sneak (level 2, 0/23 HPs)
             Began as a Merfolk Assassin on May 16, 2020.
             Slain by a hobgoblin (3 damage)
             ... on level 1 of the Dungeon.
             The game lasted 00:01:07 (458 turns).

vertexvortex the Sneak (Merfolk Assassin)            Turns: 458, Time: 00:01:07

Health: 0/23       AC:  3    Str: 11    XL:     2   Next: 50%
Magic:  2/2        EV: 12    Int: 10    God:
Gold:   17         SH:  0    Dex: 15    Spells: 1/1 levels left

rFire    . . .     SeeInvis .   a - +2 dagger
rCold    . . .     Gourm    .   (no shield)
rNeg     . . .     Faith    .   b - +0 robe
rPois    .         Spirit   .   (no helmet)
rElec    .         Reflect  .   c - +0 cloak
rCorr    .         Harm     .   (no gloves)
MR       .....                  (no boots)
Stlth    +++.......             (no amulet)
HPRegen  0.07/turn              (no ring)
MPRegen  0.08/turn              (no ring)

@: no status effects
A: change form in water, swift swim, stealthy swim
a: no special abilities


You were on level 1 of the Dungeon.
You were not hungry.

You visited 1 branch of the dungeon, and saw 1 of its levels.

You collected 17 gold pieces.

Inventory:

Hand Weapons
 a - a +2 dagger (weapon)
Missiles
 d - 3 poisoned darts (quivered)
 e - 2 curare-tipped darts
Armour
 b - a +0 robe (worn)
 c - a +0 cloak (worn)
Jewellery
 h - an uncursed ring of protection from magic {unknown}
Scrolls
 g - 2 scrolls of identify {unknown}
 k - a scroll of remove curse {unknown}
Potions
 j - a potion of heal wounds {unknown}
 l - a potion of ambrosia {unknown}
 m - 2 potions of curing {unknown}
Comestibles
 f - 2 rations
 i - a chunk of flesh


   Skills:
 * Level 2.6 Fighting
 * Level 3.0 Short Blades
 + Level 2.2 Throwing
 - Level 1.3 Dodging
 - Level 4.3 Stealth


You had one spell level left.
You didn't know any spells.
Your spell library was empty.

Dungeon Overview and Level Annotations

Branches:
Dungeon (1/15)

Altars:


Message History

Throwing (i - inventory. (/) - cycle)
d - 6 poisoned darts (quivered)
Press: ? - help, Shift-Dir - straight line, f/p - rat
Aim: a rat You throw a poisoned dart.
The poisoned dart hits the hobgoblin.
The hobgoblin is poisoned.
The hobgoblin is moderately wounded.
The hobgoblin looks more healthy.
Throwing (i - inventory. (/) - cycle)
d - 5 poisoned darts (quivered)
Press: ? - help, Shift-Dir - straight line, f/p - rat
Aim: a rat You throw a poisoned dart.
The poisoned dart closely misses the hobgoblin.
The poisoned dart closely misses the rat.
Throwing (i - inventory. (/) - cycle)
d - 4 poisoned darts (quivered)
Press: ? - help, Shift-Dir - straight line, f/p - rat
Aim: a rat You throw a poisoned dart.
The poisoned dart hits the hobgoblin.
The hobgoblin is heavily wounded.
The hobgoblin hits you.
You die...

#.#..####..#.##.# ##.# #.
#............##(########>#.....#
###..####..#.##.##......##.#..>.
#..#####.#.##.##.####..#.. ..#
#................# #.#.###.##
#...##.#.#.##r#### #.#.# .#
###.#♣♣♣....#.# #÷#.# .##
##+###♣♣....g#######.#.# ...
#..'.###♣..#@..........###.##
#.<#..# ♣.....######...##÷..#
####'## ####..# #....).... #...#
#..#######..##...# ♣♣♣#.♣.#
#...........###.## ♣8♣#...#
###.########.## ... #♣.♣#''##..#
... ..# #.# #.#
#..........###.## #[# #.# .#
#####.####.#....# #.# #.# .#


You could see a hobgoblin and a rat.

Vanquished Creatures
  A leopard gecko (D:1)
  2 giant cockroaches (D:1)
  A goblin (D:1)
  3 hobgoblins (D:1)
  2 bats (D:1)
  2 frilled lizards (D:1)
  2 rats (D:1)
13 creatures vanquished.

Notes
Turn   | Place    | Note
-------+----------+-------------------------------------------
     0 | D:1      | vertexvortex the Merfolk Assassin began the quest for the
                  | Orb.
     0 | D:1      | Reached XP level 1. HP: 16/16 MP: 1/1
   280 | D:1      | Reached XP level 2. HP: 23/23 MP: 2/2
   414 | D:1      | HP: 1/23 [hobgoblin/+0 club (7)]
   458 | D:1      | Slain by a hobgoblin

Illustrated notes

Levels and vault maps discovered:
D:1:      sevenhm_arrival_forest_fort_small_3, layout_loops_ring, tso_altar

Skill      XL: |  1  2 |
---------------+-------+-----
Short Blades   | 3 |  3.0
Fighting       | |  2.6
Throwing       | |  2.2
Dodging        | |  1.3
Stealth        | |  4.3

Action                   || total
-------------------------++-------
Melee: Dagger            ||    42
Throw: Dart              ||     5
 Stab: Sleeping          ||     4
Armor: Robe              ||    20
Dodge: Dodged            ||    38

Table legend:
 A = Non-vault XP
 B = Vault XP
 C = Vault XP percentage of total XP
 D = Non-vault monster count
 E = Vault monster count
 F = Vault count percentage of total count
                 A         B        C        D         E       F
            +---------+---------+-------+---------+---------+-------
      Total |      22 |       0 |   0.0 |      13 |       0 |   0.0
            +---------+---------+-------+---------+---------+-------
        D:1 |      22 |       0 |   0.0 |      13 |       0 |   0.0
            +---------+---------+-------+---------+---------+-------
